[Event "Team 45 45 League T40"]
[Site "Internet Chess Club"]
[Date "2009.04.05"]
[Round "10"]
[White "jesterday"]
[Black "primerpaso"]
[Result "1/2-1/2"]
[WhiteElo "1952"]
[BlackElo "1788"]
[Opening "Sicilian: Najdorf"]
[ECO "B90"]
[Time "13:00:17"]
[TimeControl "2700+45"]

1. e4 c5 2. Nf3 d6 3. d4 cxd4 4. Nxd4 Nf6 5. Nc3 a6 6. f3 e5 7. Nb3 Be6 8. Be3
Nbd7 9. Bd3 b5 10. Qe2 Nb6 11. a4 b4 12. a5 bxc3 13. Bxb6 Qc8 14. bxc3 Qxc3+ 15.
Qd2 Qxd2+ 16. Kxd2 d5 17. exd5 Nxd5 18. Bc5 Nf4 19. Bxf8 Rxf8 20. Nc5 Bc8 21.
Be4 Ra7 22. Nd3 Nxd3 23. Kxd3 Kd7 24. Ke2 Bb7 25. Rhd1+ Kc7 26. Bd5 f6 27. c4
Bc6 28. Rab1 Rb7 29. Rxb7+ Bxb7 30. Bxb7 Kxb7 31. Rd7+ Kc6 32. Rxg7 Kc5 33. Rxh7
Kb4 34. f4 Kxa5 35. fxe5 fxe5 36. Rb7 Ka4 37. h4 Rf4 38. h5 Rh4 39. g4 Rxg4 40.
h6 Rxc4 41. h7 Rh4 42. Ke3 a5 43. Kf3 Ka3 44. Kg3 Rh1 45. Kg2 Rh5 46. Kf3 a4 47.
Kg4 Rh1 48. Kf5 Rh5+ 49. Kg4 Rh1 50. Kf5 Rh5+ {Game drawn by mutual agreement}
1/2-1/2

[Event "Team 45 45 League T40"]
[Site "Internet Chess Club"]
[Date "2009.04.05"]
[Round "10"]
[White "fishhead"]
[Black "makito"]
[Result "0-1"]
[WhiteElo "1896"]
[BlackElo "1858"]
[Opening "Petrov: Cochrane gambit"]
[ECO "C42"]
[Time "12:00:57"]
[TimeControl "2700+45"]

1. e4 e5 2. Nf3 Nf6 3. Nxe5 d6 4. Nxf7 Kxf7 5. Bc4+ d5 6. exd5 Qe8+ 7. Kf1 Bd6
8. d4 Nbd7 9. f3 Nb6 10. Bb3 Qb5+ 11. c4 Nxc4 12. Qe2 Re8 13. Qxc4 Qxc4+ 14.
Bxc4 Bd7 15. Nc3 a6 16. a4 h6 17. Bd2 Re7 18. Kf2 Rae8 19. g3 Kf8 20. Rhe1 Rxe1
21. Rxe1 Bb4 22. Ne4 Nxe4+ 23. fxe4 Bxd2 24. Re2 Bb4 25. b3 Bg4 26. Re3 Ke7 27.
e5 Rf8+ 28. Kg2 Bd2 29. Rd3 Be1 30. Re3 Bb4 31. h3 Bf5 32. g4 Bg6 33. h4 Rf4 34.
Kg3 Rxd4 35. d6+ cxd6 36. exd6+ Kd7 37. Re7+ Kc6 38. Rxg7 Bxd6+ 39. Kf3 Rf4+ 40.
Ke3 Rxg4 41. Be6 Re4+ {White resigns} 0-1

[Event "Team 45 45 League T40"]
[Site "Internet Chess Club"]
[Date "2009.04.05"]
[Round "10"]
[White "besonegro"]
[Black "CREDITorDEBIT"]
[Result "1-0"]
[WhiteElo "1748"]
[BlackElo "1769"]
[Opening "Sicilian: dragon, Yugoslav attack"]
[ECO "B75"]
[Time "18:00:42"]
[TimeControl "2700+45"]

1. e4 c5 2. Nf3 d6 3. d4 cxd4 4. Nxd4 Nf6 5. Nc3 g6 6. Be3 Bg7 7. f3 Nc6 8. Qd2
Bd7 9. Bc4 Rc8 10. Bb3 Qa5 11. O-O Ne5 12. Kh1 O-O 13. Bh6 Nc4 14. Bxc4 Rxc4 15.
Bxg7 Kxg7 16. Nb3 Qh5 17. Ne2 Rfc8 18. c3 b5 19. Nf4 Qh6 20. Rfd1 Nh5 21. Nd5
Qxd2 22. Nxd2 R4c5 23. Nxe7 Re8 24. Nd5 f5 25. Rac1 fxe4 26. Nxe4 Rc6 27. Nb4
Rc7 28. Rxd6 Bf5 29. Rd4 Nf4 30. Nd6 {Black resigns} 1-0

[Event "Team 45 45 League T40"]
[Site "Internet Chess Club"]
[Date "2009.04.04"]
[Round "10"]
[White "Mater"]
[Black "Orinal"]
[Result "0-1"]
[WhiteElo "1640"]
[BlackElo "1608"]
[Opening "QGD semi-Slav"]
[ECO "D43"]
[Time "10:35:32"]
[TimeControl "2700+45"]

1. d4 d5 2. c4 e6 3. Nc3 Nf6 4. Nf3 c6 5. cxd5 exd5 6. Bg5 Nbd7 7. a3 Be7 8. e3
Ne4 9. Bxe7 Qxe7 10. Bd3 Ndf6 11. Ne5 O-O 12. O-O Nxc3 13. bxc3 Be6 14. a4 Ne4
15. Qc2 f5 16. c4 Rf6 17. f4 Rh6 18. Rf3 dxc4 19. Bxc4 Bxc4 20. Qxc4+ Kf8 21.
Qa2 Nd6 22. Rc1 Nf7 23. d5 Nxe5 24. fxe5 Qxe5 25. dxc6 Qxh2+ 26. Kf2 Qh4+ 27.
Rg3 Rg6 28. Qa3+ Kg8 29. Qb3+ Kh8 30. cxb7 Qxg3+ 31. Ke2 Qxg2+ 32. Kd3 Rd8+ 33.
Kc3 Qd2+ 34. Kc4 Qxc1+ {White resigns} 0-1

[Event "Team 45 45 League T40"]
[Site "Internet Chess Club"]
[Date "2009.04.04"]
[Round "10"]
[White "Ser-Enigma"]
[Black "iasonmessinis"]
[Result "0-1"]
[WhiteElo "2172"]
[BlackElo "2261"]
[Opening "Queen's Indian: Nimzovich variation (exaggerated fianchetto)"]
[ECO "E15"]
[Time "13:07:43"]
[TimeControl "2700+45"]

1. d4 Nf6 2. Nf3 e6 3. c4 b6 4. g3 Ba6 5. b3 Bb4+ 6. Bd2 Bxd2+ 7. Nbxd2 Bb7 8.
Bg2 c5 9. dxc5 bxc5 10. Qc2 Nc6 11. e4 Nb4 12. Qb1 d6 13. O-O O-O 14. a3 Nc6 15.
Re1 a5 16. Qc2 e5 17. Rad1 Nd4 18. Nxd4 cxd4 19. b4 axb4 20. axb4 Qb6 21. Rb1
Ra3 22. c5 Qa7 23. Nb3 dxc5 24. bxc5 Bc6 25. Ra1 Rb8 26. Reb1 Nd7 27. Bh3 Nf8
28. Rxa3 Qxa3 29. Nd2 Rxb1+ 30. Nxb1 Qb4 31. Nd2 Qc3 32. Qxc3 dxc3 33. Nb3 Bxe4
34. Kf1 f5 35. f3 Bd5 36. Nc1 g6 37. Ke2 Ne6 38. Nd3 Bc4 39. Ke3 f4+ 40. gxf4
exf4+ 41. Ke4 Nxc5+ 42. Kd4 Nxd3 43. Kxc3 Nf2 {White resigns} 0-1

[Event "Team 45 45 League T40"]
[Site "Internet Chess Club"]
[Date "2009.04.06"]
[Round "10"]
[White "Klampin"]
[Black "charles-allen"]
[Result "1-0"]
[WhiteElo "2058"]
[BlackElo "1866"]
[Opening "Queen's bishop game"]
[ECO "D02"]
[Time "14:00:15"]
[TimeControl "2700+45"]

1. d4 d5 2. Nf3 Nf6 3. Bf4 c5 4. c3 Qb6 5. Qb3 Nc6 6. e3 c4 7. Qxb6 axb6 8. Na3
Bf5 9. Nb5 Ra5 10. a4 Bc2 11. Ng5 Nd8 12. Be2 h6 13. Nf3 Ne6 14. Nc7+ Nxc7 15.
Bxc7 Nd7 16. O-O e6 17. Bd1 Bd3 18. Re1 Ra6 19. Nd2 b5 20. e4 dxe4 21. Nxe4 b4
22. d5 Nc5 23. Nxc5 Bxc5 24. dxe6 b5 25. Bh5 g6 26. axb5 Rxa1 27. Rxa1 bxc3 28.
bxc3 Ke7 29. Bg4 f5 30. Bf3 Kxe6 31. Ra6+ Kd7 32. Be5 Bd4 33. Rd6+ {Black
resigns} 1-0

[Event "Team 45 45 League T40"]
[Site "Internet Chess Club"]
[Date "2009.04.05"]
[Round "10"]
[White "mcplayerus"]
[Black "tsia68"]
[Result "1-0"]
[WhiteElo "2074"]
[BlackElo "1880"]
[Opening "King's Indian: fianchetto without c4"]
[ECO "A49"]
[Time "16:00:21"]
[TimeControl "2700+45"]

1. d4 Nf6 2. Nf3 g6 3. g3 Bg7 4. Bg2 O-O 5. O-O d6 6. c4 Nbd7 7. d5 a5 8. Nc3
Nc5 9. Be3 b6 10. Nd4 Bb7 11. h3 Re8 12. Qd2 e6 13. dxe6 fxe6 14. Bxb7 Nxb7 15.
Bh6 Bh8 16. Bg5 Qd7 17. Rad1 Nc5 18. Qe3 Bg7 19. Rd2 Rac8 20. Kg2 Re7 21. Rfd1
Rf7 22. Bxf6 Rxf6 23. Ne4 Nxe4 24. Qxe4 Rcf8 25. f3 Bh6 26. Rd3 Bg7 27. b3 Re8
28. Qc6 Qxc6 29. Nxc6 Rf7 30. h4 Rff8 31. a4 Rf7 32. e4 Ref8 33. Re1 e5 34. Red1
Ra8 35. Rf1 Bh6 36. Kh3 Kf8 37. Kg4 Ke8 38. h5 Kd7 39. Nxe5+ Ke6 40. Nxf7 Kxf7
41. hxg6+ hxg6 42. Rh1 Kg7 43. e5 Rd8 44. exd6 cxd6 45. Rhd1 {Black resigns} 1-0

[Event "Team 45 45 League T40"]
[Site "Internet Chess Club"]
[Date "2009.04.05"]
[Round "10"]
[White "markgravitygood"]
[Black "kenjr"]
[Result "1-0"]
[WhiteElo "1828"]
[BlackElo "1876"]
[Opening "Scandinavian defense"]
[ECO "B01"]
[Time "10:00:16"]
[TimeControl "2700+45"]

1. e4 d5 2. exd5 Nf6 3. d4 Bg4 4. f3 Bf5 5. Bb5+ Nbd7 6. c4 e6 7. dxe6 Bxe6 8.
d5 Bf5 9. Ne2 Bc5 10. Ng3 Qe7+ 11. Qe2 Qxe2+ 12. Kxe2 Bg6 13. Bxd7+ Kxd7 14. Bg5
Rhe8+ 15. Kd2 Re5 16. Bf4 Re7 17. Nc3 Nh5 18. Nxh5 Bxh5 19. Rae1 a6 20. Rxe7+
Bxe7 21. Re1 Bc5 22. Be5 f6 23. Ne4 Ba7 24. Bxf6 Bg6 25. Bxg7 b5 26. Nf6+ Kc8
27. Ng8 Kb7 28. Ne7 Be8 29. Re4 bxc4 30. Kc3 Bf2 31. Kxc4 Bb5+ 32. Kc3 Bc5 33.
Bd4 Bd6 34. Nf5 Bf8 35. g4 Rd8 36. a4 Bxa4 37. Bf6 Rxd5 38. Rxa4 a5 39. Kc4 Rc5+
40. Kd3 Rd5+ 41. Ke4 c6 42. Rd4 Rb5 43. Rd7+ Ka6 44. Rxh7 Rb4+ 45. Kd3 Rb3+ 46.
Bc3 Bc5 47. Kc4 Rb5 48. Nd4 Bxd4 49. Bxd4 Rb4+ 50. Kc5 Rb5+ 51. Kxc6 {Black
resigns} 1-0

[Event "Team 45 45 League T40"]
[Site "Internet Chess Club"]
[Date "2009.04.02"]
[Round "10"]
[White "Ghashgork"]
[Black "Portola"]
[Result "1-0"]
[WhiteElo "1775"]
[BlackElo "1693"]
[Opening "French: Rubinstein variation"]
[ECO "C10"]
[Time "07:01:32"]
[TimeControl "2700+45"]

1. e4 e6 2. d4 d5 3. Nc3 dxe4 4. Nxe4 Be7 5. Nf3 Nf6 6. Bd3 Nbd7 7. Qe2 O-O 8.
O-O b6 9. c4 Bb7 10. b3 Re8 11. Bb2 c5 12. Rad1 Qc7 13. Rfe1 Rad8 14. Bb1 cxd4
15. Nxd4 a6 16. Nf3 Qf4 17. Bc1 Qc7 18. Nfg5 Bxe4 19. Nxe4 Nxe4 20. Bxe4 Nf6 21.
Bf3 Bd6 22. g3 Qc5 23. Rd3 Be7 24. Red1 Rxd3 25. Qxd3 Qc7 26. Bb2 Rd8 27. Qc2 b5
28. Be2 bxc4 29. Rxd8+ Qxd8 30. Bxc4 a5 31. Qd3 Qxd3 32. Bxd3 Nd5 33. Kf1 Nb4
34. Bb1 Bc5 35. Bc3 Bb6 36. a3 Nd5 37. Bd2 h5 38. Be4 g6 39. Bxd5 exd5 40. Ke2
f5 41. Be3 Bc7 42. Kd3 Kf7 43. b4 axb4 44. axb4 Ke6 45. Bc5 g5 46. b5 f4 47. b6
Bb8 48. b7 fxg3 49. fxg3 Ke5 50. Be7 g4 51. Bg5 Ke6 52. Bf4 Ba7 53. b8=Q Bxb8
54. Bxb8 Kf5 55. Kd4 Kg5 56. Kxd5 Kf5 57. Be5 Kg5 58. Ke4 Kg6 59. Kf4 Kh6 60.
Kf5 Kh7 61. Kg5 Kg8 62. Kxh5 Kh7 63. Kxg4 Kg6 64. h4 Kh6 65. h5 Kh7 66. Kg5 Kg8
67. Kg6 Kf8 68. h6 Kg8 69. h7+ {Black resigns} 1-0

[Event "Team 45 45 League T40"]
[Site "Internet Chess Club"]
[Date "2009.04.03"]
[Round "10"]
[White "lisof"]
[Black "civilization"]
[Result "1-0"]
[WhiteElo "1888"]
[BlackElo "1620"]
[Opening "Grünfeld: exchange, Spassky variation"]
[ECO "D87"]
[Time "20:00:12"]
[TimeControl "2700+45"]

1. d4 Nf6 2. c4 g6 3. Nc3 d5 4. cxd5 Nxd5 5. e4 Nxc3 6. bxc3 Bg7 7. Bc4 O-O 8.
Ne2 c5 9. O-O Nc6 10. Be3 Qc7 11. Rc1 Rd8 12. Bf4 Be5 13. Bg3 Bxg3 14. fxg3 e6
15. Qd2 cxd4 16. cxd4 Nxd4 17. Nxd4 Qb6 18. Rcd1 e5 19. Bxf7+ Kh8 20. Qg5 Rxd4
21. Qxe5+ Qf6 22. Qxf6# {Black checkmated} 1-0

[Event "Team 45 45 League T40"]
[Site "Internet Chess Club"]
[Date "2009.04.04"]
[Round "10"]
[White "knight2f3"]
[Black "Emrebey"]
[Result "0-1"]
[WhiteElo "1461"]
[BlackElo "1686"]
[Opening "Queen's pawn game, Darooha variation "]
[ECO "D11"]
[Time "11:12:15"]
[TimeControl "2700+45"]

1. d4 d5 2. Nf3 Nf6 3. c4 c6 4. Qc2 dxc4 5. Qxc4 Qc7 6. g3 Nbd7 7. Bg2 e5 8.
dxe5 Nxe5 9. Nxe5 Qxe5 10. O-O Qc7 11. Bf4 Bd6 12. Bxd6 Qxd6 13. Nc3 O-O 14.
Rfd1 Be6 15. Rxd6 Bxc4 16. Rad1 h6 17. b3 Be6 18. Na4 Bd5 19. Nc5 b6 20. Bxd5
Nxd5 21. e4 Nc3 22. R1d3 Nxa2 23. Nd7 Rfe8 24. f3 f6 25. Nxf6+ gxf6 26. Rxf6
Rad8 27. Rdd6 Rxd6 28. Rxd6 c5 29. Rd7 a5 30. Rd6 Rb8 31. Rxh6 Nc1 32. Rd6 Nxb3
33. e5 a4 34. e6 Kf8 35. f4 a3 36. Rd7 a2 37. e7+ Ke8 38. Rd8+ Rxd8 39. exd8=Q+
Kxd8 {White resigns} 0-1

[Event "Team 45 45 League T40"]
[Site "Internet Chess Club"]
[Date "2009.04.06"]
[Round "10"]
[White "g8wrb"]
[Black "badmove"]
[Result "1-0"]
[WhiteElo "1482"]
[BlackElo "1568"]
[Opening "Alekhine's defense: exchange variation"]
[ECO "B03"]
[Time "16:00:21"]
[TimeControl "2700+45"]

1. e4 Nf6 2. e5 Nd5 3. d4 d6 4. c4 Nb6 5. exd6 exd6 6. Nc3 Be7 7. h3 Nc6 8. Nf3
Bf6 9. Be3 Bf5 10. Be2 O-O 11. O-O d5 12. b3 h6 13. Qd2 Nb4 14. c5 Nc8 15. Rac1
a6 16. Rfe1 Ne7 17. Red1 Re8 18. Na4 a5 19. Bb5 Nec6 20. a3 Na6 21. Bxc6 bxc6
22. Qxa5 Be4 23. Nd2 Be7 24. Qc3 Bf5 25. Nf3 Bf6 26. Nb2 Re6 27. Nd3 Nb8 28. a4
g5 29. Nfe5 Nd7 30. Nf3 Kh7 31. Kh2 g4 32. hxg4 Bxg4 33. Nde1 Re4 34. Qd2 Bg7
35. Qd3 Bf5 36. Qd2 Bg4 37. Rc3 Nf8 38. Rdc1 Re6 39. Bf4 Ng6 40. Be3 Nh4 41. Bf4
Qe7 42. R3c2 Bxf3 43. Nxf3 Bxd4 44. Nxd4 Rg6 45. Bg3 Qe4 46. f3 Qe7 47. Qf4 Rag8
48. Qxh4 Qe3 49. Rc3 Rxg3 50. Rxe3 {Black resigns} 1-0

[Event "Team 45 45 League T40"]
[Site "Internet Chess Club"]
[Date "2009.04.04"]
[Round "10"]
[White "easycure"]
[Black "reb"]
[Result "1-0"]
[WhiteElo "2364"]
[BlackElo "2336"]
[Opening "Nimzo-Indian: Sämisch, Romanovsky variation"]
[ECO "E25"]
[Time "12:07:27"]
[TimeControl "2700+45"]

1. d4 Nf6 2. c4 e6 3. Nc3 Bb4 4. f3 d5 5. a3 Bxc3+ 6. bxc3 c5 7. cxd5 Nxd5 8.
dxc5 f5 9. Qc2 O-O 10. e4 fxe4 11. fxe4 Qh4+ 12. g3 Qf6 13. Bg2 Qxc3+ 14. Qxc3
Nxc3 15. Bf4 Nc6 16. Bd6 Rf7 17. e5 Nd4 18. Rc1 Nd5 19. Ne2 Nf3+ 20. Bxf3 Rxf3
21. Rf1 Rxf1+ 22. Kxf1 Bd7 23. Nd4 Rc8 24. Ke2 Kf7 25. Rf1+ Kg6 26. Rc1 a6 27.
Kd3 Nc7 28. Rb1 Nb5 29. Ne2 Nxd6 30. cxd6 b5 31. Rc1 Kf5 32. Kd4 a5 33. Rxc8
Bxc8 34. Nc1 b4 35. axb4 axb4 36. Nb3 Kg4 37. Nc5 Kh3 38. d7 Bxd7 39. Nxd7 Kxh2
40. Nc5 Kxg3 41. Nxe6 b3 42. Kc3 Kg4 43. Nd4 Kh5 44. Kxb3 Kg6 45. Kc4 h5 46. Nf3
Kf7 47. Kd5 Ke7 48. e6 {Black resigns} 1-0

[Event "Team 45 45 League T40"]
[Site "Internet Chess Club"]
[Date "2009.04.03"]
[Round "10"]
[White "fundie"]
[Black "Blade"]
[Result "0-1"]
[WhiteElo "2235"]
[BlackElo "2165"]
[Opening "Petrov: Kaufmann attack"]
[ECO "C42"]
[Time "17:31:52"]
[TimeControl "2700+45"]

1. e4 e5 2. Nf3 Nf6 3. Nxe5 d6 4. Nf3 Nxe4 5. c4 Nc6 6. Nc3 Nxc3 7. dxc3 Be7 8.
Bd3 O-O 9. h3 Bf6 10. Qc2 h6 11. Be3 Re8 12. O-O-O Be6 13. g4 Ne5 14. Nxe5 Bxe5
15. Rhg1 Qh4 16. f4 Bf6 17. Bf2 Qxh3 18. g5 hxg5 19. fxg5 Be5 20. Kb1 Bg4 21.
Rdf1 Bh2 22. Rh1 Bf3 23. Bf5 Bxh1 24. Bxh3 Be4 25. Qxe4 Rxe4 26. Bg2 Rf4 27. Kc2
c6 28. Kd3 Rg4 29. Be4 Rxg5 30. Rh1 Bf4 31. Bh7+ Kf8 32. Bf5 Re8 33. Bc8 Rg2 34.
Bxa7 Rd2# {White checkmated} 0-1

[Event "Team 45 45 League T40"]
[Site "Internet Chess Club"]
[Date "2009.04.05"]
[Round "10"]
[White "SlimeDog2"]
[Black "jorobo"]
[Result "1-0"]
[WhiteElo "2256"]
[BlackElo "2188"]
[Opening "QGD: Tarrasch, Folkestone (Swedish) variation"]
[ECO "D33"]
[Time "14:01:18"]
[TimeControl "2700+45"]

1. d4 d5 2. c4 e6 3. Nf3 c5 4. cxd5 exd5 5. Nc3 Nc6 6. g3 c4 7. Bg2 Bb4 8. O-O
Nge7 9. Ne5 O-O 10. Nxc6 bxc6 11. e4 Be6 12. Bf4 Rc8 13. Qa4 Qa5 14. Qxa5 Bxa5
15. Rfe1 dxe4 16. Rxe4 Nd5 17. Nxd5 cxd5 18. Re2 Rfd8 19. Rc1 Kf8 20. h4 Bb6 21.
Be3 Bg4 22. Rec2 Rb8 23. Bf4 Rb7 24. Rxc4 dxc4 25. Bxb7 Rxd4 26. Be3 Rd1+ 27.
Rxd1 Bxd1 28. Bxb6 axb6 29. Kf1 Bc2 30. Ke2 Ke7 31. Ba6 Bd3+ 32. Kd2 Kd6 33. Kc3
Kc5 34. a4 Be2 35. b3 f6 36. Bxc4 Bf3 37. b4+ Kd6 38. Kd4 h6 39. Bb5 g5 40. a5
bxa5 41. bxa5 f5 42. a6 f4 43. hxg5 fxg3 44. fxg3 hxg5 45. Ke3 g4 46. a7 Kc7 47.
Be2 Kb7 48. Bxf3+ gxf3 49. Kxf3 Kxa7 50. g4 {Black resigns} 1-0

[Event "Team 45 45 League T40"]
[Site "Internet Chess Club"]
[Date "2009.04.05"]
[Round "10"]
[White "hewdondada"]
[Black "Ser-Enigma"]
[Result "0-1"]
[WhiteElo "1753"]
[BlackElo "2175"]
[Opening "Trompowsky attack (Ruth, Opocenský opening)"]
[ECO "A45"]
[Time "15:03:57"]
[TimeControl "2700+45"]

1. d4 Nf6 2. Bg5 Ne4 3. Bf4 c5 4. f3 Qa5+ 5. c3 Nf6 6. d5 d6 7. e4 g6 8. Nd2 Bg7
9. Bd3 O-O 10. Ne2 Na6 11. O-O b5 12. c4 bxc4 13. Nxc4 Qd8 14. a3 Nd7 15. Rb1
Ne5 16. Nxe5 dxe5 17. Be3 Qa5 18. Nc1 Rb8 19. Nb3 Qb6 20. Nd2 Qc7 21. Qa4 Rb6
22. Qa5 Qb8 23. Qc3 e6 24. dxe6 Bxe6 25. Bxa6 Rxa6 26. Qxc5 Rc8 27. Qb4 Qxb4 28.
axb4 Bf8 29. b5 Ra2 30. Ra1 Rxb2 31. Rxa7 Rxd2 32. b6 Rb2 {White resigns} 0-1

[Event "Team 45 45 League T40"]
[Site "Internet Chess Club"]
[Date "2009.04.05"]
[Round "10"]
[White "Invicta-Knight"]
[Black "BotanicalKnight"]
[Result "1-0"]
[WhiteElo "1647"]
[BlackElo "1592"]
[Opening "Caro-Kann: anti-anti-Caro-Kann defense"]
[ECO "B10"]
[Time "07:00:14"]
[TimeControl "2700+45"]

1. e4 c6 2. c4 d5 3. exd5 cxd5 4. cxd5 Nf6 5. Nc3 Nxd5 6. d4 Nc6 7. Nf3 e6 8.
Bc4 Be7 9. O-O O-O 10. Re1 Nxc3 11. bxc3 a6 12. a4 Qc7 13. Qc2 Bd7 14. Bd3 g6
15. Re4 Qa5 16. Bh6 Rfc8 17. Qb2 Nd8 18. c4 Qh5 19. Qd2 Bf6 20. Be2 Nc6 21. Ne5
Qf5 22. Nxd7 Rd8 23. Bg4 Rxd7 24. Bxf5 exf5 25. Re2 Ne7 26. Be3 Rad8 27. Rae1 f4
28. d5 fxe3 29. Rxe3 Bg5 30. Qd4 Bxe3 31. Rxe3 Nf5 32. Qd3 Nxe3 33. Qxe3 Rc7 34.
Kf1 Rdc8 35. d6 Rxc4 36. d7 Rc1+ 37. Qxc1 Rxc1+ 38. Ke2 Rc2+ 39. Kd3 {Black
resigns} 1-0

[Event "Team 45 45 League T40"]
[Site "Internet Chess Club"]
[Date "2009.04.06"]
[Round "10"]
[White "BarryNL"]
[Black "stputte"]
[Result "0-1"]
[WhiteElo "1471"]
[BlackElo "1399"]
[Opening "Réti v Dutch"]
[ECO "A04"]
[Time "13:32:40"]
[TimeControl "2700+45"]

1. Nf3 f5 2. d3 Nf6 3. g3 g6 4. Bg2 Bg7 5. O-O O-O 6. Be3 Qe8 7. Qd2 Ng4 8. Bd4
Bxd4 9. Nxd4 e5 10. Nf3 e4 11. Ng5 e3 12. fxe3 Qxe3+ 13. Qxe3 Nxe3 14. Rc1 Re8
15. Bf3 h6 16. Nh3 g5 17. Bh5 Re7 18. Na3 Nc6 19. c4 Nd4 20. Kf2 Ng4+ 21. Bxg4
fxg4 22. Ng1 b6 23. Nb5 Rf7+ 24. Ke3 Ne6 25. Rf1 Rxf1 26. Rxf1 Bb7 27. Kd2 a6
28. Nc3 Re8 29. e4 Nd4 30. Nce2 Ne6 31. Ke3 Nc5 32. b3 c6 33. Nd4 d5 34. Nf5
dxe4 35. Nd6 Re7 36. Nxe4 Nxe4 37. dxe4 c5 38. Rf6 Bxe4 39. Rxh6 b5 40. Rxa6
Bb7+ {White resigns} 0-1

[Event "Team 45 45 League T40"]
[Site "Internet Chess Club"]
[Date "2009.04.04"]
[Round "10"]
[White "houseofcook"]
[Black "Sir-Anthony"]
[Result "0-1"]
[WhiteElo "1402"]
[BlackElo "1501"]
[Opening "Sicilian: Alapin's variation (2.c3)"]
[ECO "B22"]
[Time "15:02:12"]
[TimeControl "2700+45"]

1. e4 c5 2. c3 e6 3. d4 cxd4 4. cxd4 d6 5. Nc3 Nf6 6. Nf3 a6 7. Bd3 Be7 8. O-O
Nbd7 9. Re1 O-O 10. Bf4 b5 11. e5 Nh5 12. Be3 Bb7 13. Nd2 g6 14. Be4 Bxe4 15.
Ndxe4 dxe5 16. d5 f5 17. d6 Bf6 18. Nxf6+ Qxf6 19. Qb3 f4 20. Ne4 Qf5 21. Nc5
fxe3 22. Qxe3 Nxc5 23. Qxc5 Rad8 24. Rxe5 Qd3 25. Rxe6 Nf4 26. Re3 Qxd6 27. Qc2
Qf6 28. Rf3 Qg7 29. Re3 Rfe8 30. Qb3+ Kh8 31. Rxe8+ Rxe8 32. Rd1 Qe7 33. Qc3+
Kg8 34. Qb3+ Qe6 35. Qa3 Qe1+ 36. Rxe1 Rxe1# {White checkmated} 0-1

[Event "Team 45 45 League T40"]
[Site "Internet Chess Club"]
[Date "2009.04.06"]
[Round "10"]
[White "rd00d"]
[Black "JimGaming"]
[Result "0-1"]
[WhiteElo "1413"]
[BlackElo "1367"]
[Opening "Giuoco Piano"]
[ECO "C54"]
[Time "14:01:20"]
[TimeControl "2700+45"]

1. e4 e5 2. Nf3 Nc6 3. Bc4 Bc5 4. c3 Nf6 5. d4 exd4 6. cxd4 Bb4+ 7. Bd2 Nxe4 8.
Bxb4 Nxb4 9. Qe2 Qe7 10. a3 d5 11. Ba2 Nxa2 12. Rxa2 Bg4 13. O-O Bxf3 14. Qxf3
O-O 15. Qb3 c6 16. Nc3 Nd2 17. Qc2 Nxf1 18. Kxf1 Rfe8 19. Ra1 b5 20. b4 a5 21.
Rd1 axb4 22. axb4 Qxb4 23. Na2 Qc4+ 24. Qxc4 bxc4 25. Nb4 Rec8 26. Re1 Kf8 27.
Re3 Ra4 28. Nc2 Ra2 29. Rc3 Rb2 30. Ke1 Rcb8 31. Na3 R8b3 32. Rxb3 Rxb3 33. Nc2
Ke7 34. Kd2 Kd6 35. Ne3 g6 36. Kc2 f5 37. Nd1 c5 38. Nb2 cxd4 {White resigns}
0-1